WCHLSIM.com - West Coast Hockey League
html PUBLIC "-//W3C//DTD XHTML 1.0 Transitional//EN" "http://www.w3.org/TR/xhtml1/DTD/xhtml1-transitional.dtd"> WCHL - Game 764 - SASKATOON DUCKS vs LAS VEGAS LIZARD KINGS

SASKATOON DUCKS vs LAS VEGAS LIZARD KINGS

Created - 2 février 2020 at 10:48

Goals
1 2 3 T
SASKATOON DUCKS 0 1 0 1
LAS VEGAS LIZARD KINGS 3 0 1 4
Shots
1 2 3 T
SASKATOON DUCKS 7 6 6 19
LAS VEGAS LIZARD KINGS 10 9 9 28

1st period

1. LAS VEGAS LIZARD KINGS , Bobby Ryan 10 (Victor Olofsson 4, Derek Ryan 18) at 3:01
2. LAS VEGAS LIZARD KINGS , Barclay Goodrow 6 (Evan Rodrigues 5) at 6:04
3. LAS VEGAS LIZARD KINGS , Sean Monahan 26 (Johnny Gaudreau 29) at 12:13

Penalties :
No Penalty

2nd period

4. SASKATOON DUCKS , Jakub Vrana 12 (Ryan McDonagh 23, Mathew Dumba 8) at 19:28

Penalties :
Derek Forbort (SAS) for Hooking (Minor) at 6:05, Jake McCabe (SAS) for Hooking (Minor) at 14:48, Ryan McDonagh (SAS) for Slashing (Minor) at 17:03

3rd period

5. LAS VEGAS LIZARD KINGS , Sean Monahan 27 (Johnny Gaudreau 30, Marc-Andre Fleury) at 7:54

Penalties :
Barclay Goodrow (LVG) for Interference (Minor) at 2:19, Barclay Goodrow (LVG) for High sticking (Minor) at 11:47

Goalie Stats

Jonathan Quick (SAS), 17 saves from 21 shots - (0,810), L, 13-14-1, 47:54 minutes
Jordan Binnington (SAS), 7 saves from 7 shots - (1,000), 12:06 minutes
Marc-Andre Fleury (LVG), 18 saves from 19 shots - (0,947), W, 30-13-2, 60:00 minutes

Players Stats for SASKATOON DUCKS

Player Name              G  A  P  +/- PIM S  H  SB GA TA FO     MP     PP MP  PK MP  
------------------------------------------------------------------------------------
Andreas Athanasiou       0  0  0   1  0   2  1  1  0  0  1/1    18:16   2:10   0:59 
Anthony Duclair          0  0  0  -3  0   3  0  0  0  0  1/1    18:04   0:02   2:50 
Charles Hudon            0  0  0  -1  0   0  1  0  0  0  0/1    17:24   0:18   2:08 
Christian Wolanin        0  0  0   0  0   0  4  0  0  0  0/0    20:21   0:00   2:59 
Derek Forbort            0  0  0  -2  2   1  0  2  0  0  0/0    18:43   1:48   2:13 
Devon Toews              0  0  0   0  0   1  1  0  0  0  0/0    15:01   0:00   2:13 
Dylan Strome             0  0  0   1  0   3  0  0  0  0  9/18   17:24   2:10   0:07 
Jake McCabe              0  0  0  -2  2   0  3  0  0  0  0/0    18:12   1:48   1:42 
Jakub Vrana              1  0  1   1  0   2  1  0  0  0  0/2    21:43   1:48   0:00 
Joseph Morrow            0  0  0   0  0   0  0  1  0  0  0/0     7:21   0:00   2:47 
Markus Granlund          0  0  0  -1  0   1  0  0  0  0  1/4    18:40   0:00   3:42 
Martin Hanzal            0  0  0   0  0   0  0  0  0  0  3/5     6:56   0:00   2:08 
Mathew Dumba             0  1  1  -1  0   2  1  1  0  0  0/0    20:10   2:10   0:00 
Ondrej Palat             0  0  0  -3  0   1  1  0  0  0  0/0    16:58   1:46   0:00 
Robert Fabbri            0  0  0   0  0   0  0  0  0  0  0/0     4:48   0:00   0:00 
Ryan McDonagh            0  1  1  -1  2   1  1  2  0  0  0/0    20:09   2:10   0:00 
Ryan Strome              0  0  0  -3  0   1  0  0  0  0  13/18  17:04   1:52   0:00 
Vladislav Namestnikov    0  0  0  -1  0   1  0  1  0  0  5/21   16:46   1:48   0:00 

Players Stats for LAS VEGAS LIZARD KINGS

Player Name              G  A  P  +/- PIM S  H  SB GA TA FO     MP     PP MP  PK MP  
------------------------------------------------------------------------------------
Barclay Goodrow          1  0  1   1  4   1  3  0  0  0  0/0    14:49   0:00   0:00 
Bobby Ryan               1  0  1   0  0   3  1  0  0  0  0/0    15:50   2:49   0:00 
Brayden McNabb           0  0  0   0  0   0  1  1  0  0  0/0    20:21   0:00   2:29 
Brent Burns              0  0  0   0  0   5  0  0  0  0  0/0    22:33   3:12   1:29 
Calvin De Haan           0  0  0   1  0   0  1  0  0  0  0/0    15:26   0:00   1:29 
Derek Ryan               0  1  1   0  0   0  2  0  0  0  8/19   21:36   2:49   0:48 
Evan Rodrigues           0  1  1   1  0   2  0  0  0  0  8/16   14:56   0:00   0:05 
Jason Pominville         0  0  0   0  0   3  0  0  0  0  0/0     4:58   0:00   0:00 
Joel Armia               0  0  0   1  0   2  1  0  0  0  0/0    17:34   0:00   2:43 
John Marino              0  0  0   2  0   0  1  0  0  0  0/0    23:57   3:12   2:29 
Johnny Gaudreau          0  2  2   2  0   5  1  0  0  0  0/1    20:23   3:08   0:00 
Matt Niskanen            0  0  0   2  0   0  5  0  0  0  0/0    21:01   2:45   0:00 
Mike Ferland             0  0  0   0  0   0  1  0  0  0  0/1     7:47   2:49   0:00 
Nick Jensen              0  0  0   1  0   0  1  1  0  0  0/0    13:57   0:00   0:00 
Nino Niederreiter        0  0  0   2  0   0  1  0  0  0  0/1    21:33   3:08   1:10 
Rourke Chartier          0  0  0   0  0   0  0  0  0  0  0/0     0:00   0:00   0:00 
Sean Monahan             2  0  2   2  0   6  1  0  0  0  21/31  23:33   3:08   3:10 
Victor Olofsson          0  1  1   0  0   1  0  0  0  0  1/2    15:46   2:45   0:00 

3 Stars

1 - Sean Monahan (LVG)
2 - Johnny Gaudreau (LVG)
3 - Matt Niskanen (LVG)

Power Play

SASKATOON DUCKS - 0 on 2 Attempt(s) - 0,00%
LAS VEGAS LIZARD KINGS - 0 on 3 Attempt(s) - 0,00%

Penalty Kill

SASKATOON DUCKS - 3 on 3 Attempt(s) - 100,00% - Score 0 goal in Penalty Kill
LAS VEGAS LIZARD KINGS - 2 on 2 Attempt(s) - 100,00% - Score 0 goal in Penalty Kill

Team Stat

SASKATOON DUCKS - Hits : 14 - Faceoff Wins : 33 - Blocked Shots : 8 - Penalty Minutes : 6
LAS VEGAS LIZARD KINGS - Hits : 20 - Faceoff Wins : 38 - Blocked Shots : 2 - Penalty Minutes : 4

Official

Referees : Mike Mullen and Dan O'Rourke
Linesman : Rob Sauda and Kevin Ferguson

Game Notes

Jordan Binnington enters game at 7:54 of 3rd period

Finance

Level 1 -- Attendance: 4633 (73,89%) -- Ticket Income 833 940 $
Level 2 -- Attendance: 3706 (69,66%) -- Ticket Income 444 720 $
Level 3 -- Attendance: 1784 (85,36%) -- Ticket Income 142 720 $
Level 4 -- Attendance: 2490 (57,64%) -- Ticket Income 174 300 $
Luxury Box -- Attendance: 717 (71,70%) -- Ticket Income 229 440 $
Game was played at the Casino Square Garden.
Total Attendance: 13330 (70,16%)
Total Ticket Income: 1 825 120 $
Other Income: 547 536 $
Total Income: 2 372 656 $

SASKATOON DUCKS

5 vs 5 Forward 
   Center                   Left Wing                Right Wing               Time % Phy DF OF 
 1 Dylan Strome             Andreas Athanasiou       Jakub Vrana              36     1   2  2  
 2 Ryan Strome              Ondrej Palat             Anthony Duclair          31     1   2  2  
 3 Vladislav Namestnikov    Markus Granlund          Charles Hudon            23     1   2  2  
 4 Martin Hanzal            Robert Fabbri            Jakub Vrana              10     1   2  2  

5 vs 5 Defense 
   Defense                  Defense                                           Time % Phy DF OF 
 1 Ryan McDonagh            Mathew Dumba                                      36     1   2  2  
 2 Derek Forbort            Jake McCabe                                       31     1   2  2  
 3 Christian Wolanin        Devon Toews                                       23     1   2  2  
 4 Christian Wolanin        Joseph Morrow                                     10     1   2  2  

PowerPlay Forward 
   Center                   Left Wing                Right Wing               Time % Phy DF OF 
 1 Dylan Strome             Andreas Athanasiou       Ryan Strome              55     1   2  2  
 2 Vladislav Namestnikov    Ondrej Palat             Jakub Vrana              45     1   2  2  

PowerPlay Defense
   Defense                  Defense                                           Time % Phy DF OF 
 1 Ryan McDonagh            Mathew Dumba                                      55     1   2  2  
 2 Derek Forbort            Jake McCabe                                       45     1   2  2  

Penalty Kill 4 Players Forward 
   Center                   Wing                     Time % Phy DF OF 
 1 Markus Granlund          Anthony Duclair          55     1   2  2  
 2 Martin Hanzal            Charles Hudon            45     1   2  2  

Penalty Kill 4 Players Defense
   Defense                  Defense                  Time % Phy DF OF 
 1 Christian Wolanin        Joseph Morrow            55     1   2  2  
 2 Derek Forbort            Jake McCabe              45     1   2  2  

Penalty Kill - 3 Players Forward 
   Forward                                           Time % Phy DF OF 
 1 Markus Granlund                                   55     1   2  2  
 2 Vladislav Namestnikov                             45     1   2  2  

Penalty Kill - 3 Players Defense
   Defense                  Defense                  Time % Phy DF OF 
 1 Christian Wolanin        Mathew Dumba             55     1   2  2  
 2 Derek Forbort            Joseph Morrow            45     1   2  2  

4 vs 4 Forward 
   Center                   Wing                     Time % Phy DF OF 
 1 Dylan Strome             Andreas Athanasiou       55     1   2  2  
 2 Vladislav Namestnikov    Jakub Vrana              45     1   2  2  

4 vs 4 Defense
   Defense                  Defense                  Time % Phy DF OF 
 1 Ryan McDonagh            Mathew Dumba             55     1   2  2  
 2 Derek Forbort            Jake McCabe              45     1   2  2  

Last Minutes Offensive
   Center                   Left Wing                Right Wing               Defense                  Defense                  
   Dylan Strome             Andreas Athanasiou       Jakub Vrana              Ryan McDonagh            Mathew Dumba             

Last Minutes Defensive
   Center                   Left Wing                Right Wing               Defense                  Defense                  
   Markus Granlund          Andreas Athanasiou       Vladislav Namestnikov    Ryan McDonagh            Mathew Dumba             

Goaltenders
Starting : Jonathan Quick           
Backup : Jordan Binnington        

Extra Forwards
Normal : Anthony Duclair, Charles Hudon, Martin Hanzal - PP : Anthony Duclair, Charles Hudon - PK : Martin Hanzal
Extra Defensemen
Normal : Derek Forbort, Devon Toews, Christian Wolanin - PP : Christian Wolanin - PK : Devon Toews, Christian Wolanin
Penalty Shots
Anthony Duclair, Dylan Strome, Robert Fabbri, Andreas Athanasiou, Ondrej Palat
Custom OT Lines Forwards
Ryan Strome, Dylan Strome, Markus Granlund, Andreas Athanasiou, Ondrej Palat, Vladislav Namestnikov, Jakub Vrana, Anthony Duclair, Charles Hudon, Martin Hanzal
Custom OT Lines Defensemen
Ryan McDonagh, Mathew Dumba, Derek Forbort, Jake McCabe, Devon Toews

Scratches
Mason Geertsen (Healthy), Cayden Primeau (Lacerated Right Calf Injury)

LAS VEGAS LIZARD KINGS

5 vs 5 Forward 
   Center                   Left Wing                Right Wing               Time % Phy DF OF 
 1 Sean Monahan             Johnny Gaudreau          Nino Niederreiter        37     0   2  3  
 2 Derek Ryan               Victor Olofsson          Bobby Ryan               29     0   2  3  
 3 Evan Rodrigues           Barclay Goodrow          Joel Armia               25     0   3  2  
 4 Derek Ryan               Mike Ferland             Jason Pominville         9      0   3  2  

5 vs 5 Defense 
   Defense                  Defense                                           Time % Phy DF OF 
 1 Brent Burns              Brayden McNabb                                    45     0   2  3  
 2 Matt Niskanen            John Marino                                       43     0   2  3  
 3 Calvin De Haan           Nick Jensen                                       12     0   3  2  
 4 Brent Burns              Brayden McNabb                                    0      0   1  4  

PowerPlay Forward 
   Center                   Left Wing                Right Wing               Time % Phy DF OF 
 1 Sean Monahan             Johnny Gaudreau          Nino Niederreiter        75     0   0  5  
 2 Derek Ryan               Mike Ferland             Bobby Ryan               25     0   0  5  

PowerPlay Defense
   Defense                  Defense                                           Time % Phy DF OF 
 1 Brent Burns              John Marino                                       70     0   0  5  
 2 Matt Niskanen            Victor Olofsson                                   30     0   0  5  

Penalty Kill 4 Players Forward 
   Center                   Wing                     Time % Phy DF OF 
 1 Barclay Goodrow          Joel Armia               65     0   5  0  
 2 Derek Ryan               Bobby Ryan               35     0   5  0  

Penalty Kill 4 Players Defense
   Defense                  Defense                  Time % Phy DF OF 
 1 John Marino              Brayden McNabb           75     0   5  0  
 2 Brent Burns              Calvin De Haan           25     0   5  0  

Penalty Kill - 3 Players Forward 
   Forward                                           Time % Phy DF OF 
 1 Barclay Goodrow                                   55     0   5  0  
 2 Derek Ryan                                        45     0   5  0  

Penalty Kill - 3 Players Defense
   Defense                  Defense                  Time % Phy DF OF 
 1 Brent Burns              Nick Jensen              50     0   5  0  
 2 John Marino              Calvin De Haan           50     0   5  0  

4 vs 4 Forward 
   Center                   Wing                     Time % Phy DF OF 
 1 Sean Monahan             Johnny Gaudreau          55     0   1  4  
 2 Derek Ryan               Nino Niederreiter        45     0   2  3  

4 vs 4 Defense
   Defense                  Defense                  Time % Phy DF OF 
 1 Brent Burns              Brayden McNabb           55     0   2  3  
 2 Matt Niskanen            Calvin De Haan           45     0   3  2  

Last Minutes Offensive
   Center                   Left Wing                Right Wing               Defense                  Defense                  
   Sean Monahan             Johnny Gaudreau          Nino Niederreiter        Brent Burns              John Marino              

Last Minutes Defensive
   Center                   Left Wing                Right Wing               Defense                  Defense                  
   Derek Ryan               Barclay Goodrow          Joel Armia               Brent Burns              Brayden McNabb           

Goaltenders
Starting : Marc-Andre Fleury        
Backup : Curtis McElhinney        

Extra Forwards
Normal : Mike Ferland, Barclay Goodrow, Victor Olofsson - PP : Mike Ferland, Jason Pominville - PK : Barclay Goodrow
Extra Defensemen
Normal : Brent Burns, John Marino, Calvin De Haan - PP : Calvin De Haan - PK : Matt Niskanen, Brayden McNabb
Penalty Shots
Sean Monahan, Johnny Gaudreau, Nino Niederreiter, Bobby Ryan, Jason Pominville
Custom OT Lines Forwards
Johnny Gaudreau, Sean Monahan, Nino Niederreiter, Bobby Ryan, Victor Olofsson, Barclay Goodrow, Derek Ryan, Joel Armia, Mike Ferland, Evan Rodrigues
Custom OT Lines Defensemen
Brent Burns, Matt Niskanen, Brayden McNabb, John Marino, Nick Jensen

Scratches
Givani Smith (Healthy), Beck Malenstyn (Healthy), Olli Juolevi (Healthy), Henrik Samuelsson (Healthy), Nick Moutrey (Healthy)
Skyler McKenzie (Healthy), Ryan Nugent-Hopkins (Right Forearm Injury), Spencer Smallman (Healthy), Ty Dellandrea (Healthy)

% Time on Ice - SASKATOON DUCKS

Lines # - Real PCT - Wanted PCT - Time Play
Normal Forward
1 - 30% - 36% - 15:07
2 - 30% - 31% - 15:12
3 - 30% - 23% - 14:58
4 - 10% - 10% - 4:48
Normal Defense
1 - 36% - 36% - 18:00
2 - 29% - 31% - 14:43
3 - 26% - 23% - 12:48
4 - 9% - 10% - 4:34
PP Forward
1 - 55% - 55% - 2:10
2 - 45% - 45% - 1:48
PP Defense
1 - 55% - 55% - 2:10
2 - 45% - 45% - 1:48
PK Forward
1 - 64% - 55% - 3:49
2 - 36% - 45% - 2:08
PK Defense
1 - 47% - 55% - 2:47
2 - 53% - 45% - 3:10
PK3 Forward
1 - 0% - 55%
2 - 0% - 45%
PK3 Defense
1 - 0% - 55%
2 - 0% - 45%
44 Forward
1 - 0% - 55%
2 - 0% - 45%
44 Defense
1 - 0% - 55%
2 - 0% - 45%
Last Minute Offensive  - 0:00
Last Minute Defensive  - 0:00
Total
Forward - 60:00
Defense - 60:00

% Time on Ice - LAS VEGAS LIZARD KINGS

Lines # - Real PCT - Wanted PCT - Time Play
Normal Forward
1 - 34% - 37% - 17:15
2 - 26% - 29% - 13:01
3 - 30% - 25% - 14:51
4 - 10% - 9% - 4:58
Normal Defense
1 - 36% - 45% - 17:52
2 - 36% - 43% - 18:16
3 - 28% - 12% - 13:57
4 - 0% - 0% - 0:00
PP Forward
1 - 53% - 75% - 3:08
2 - 47% - 25% - 2:49
PP Defense
1 - 54% - 70% - 3:12
2 - 46% - 30% - 2:45
PK Forward
1 - 100% - 65% - 3:58
2 - 0% - 35% - 0:00
PK Defense
1 - 63% - 75% - 2:29
2 - 37% - 25% - 1:29
PK3 Forward
1 - 0% - 55%
2 - 0% - 45%
PK3 Defense
1 - 0% - 50%
2 - 0% - 50%
44 Forward
1 - 0% - 55%
2 - 0% - 45%
44 Defense
1 - 0% - 55%
2 - 0% - 45%
Last Minute Offensive  - 0:00
Last Minute Defensive  - 0:00
Total
Forward - 60:00
Defense - 60:00

Play-by-Play

1st period


0:01 of 1st period - Andreas Athanasiou wins face-off versus Johnny Gaudreau in neutral zone.
0:01 of 1st period - Dylan Strome is hit by Nino Niederreiter and loses puck.
0:06 of 1st period - Ryan McDonagh is hit by Sean Monahan and loses puck.
0:13 of 1st period - Shot by Nino Niederreiter.
0:13 of 1st period - Shot Misses the Net.
0:17 of 1st period - Shot by Sean Monahan.
0:17 of 1st period - Deflect By Johnny Gaudreau.
0:17 of 1st period - Stopped by Jonathan Quick without a rebound.
0:18 of 1st period - Ryan Strome wins face-off versus Derek Ryan in SASKATOON DUCKS zone.
0:18 of 1st period - Ryan Strome is hit by Derek Ryan.
0:24 of 1st period - Shot by Bobby Ryan.
0:24 of 1st period - Shot Misses the Net.
0:26 of 1st period - Shot by Matt Niskanen.
0:26 of 1st period - Shot Misses the Net.
0:45 of 1st period - Off-side.
0:46 of 1st period - Vladislav Namestnikov wins face-off versus Evan Rodrigues in neutral zone.
1:10 of 1st period - Joel Armia is hit by Christian Wolanin and loses puck.
1:14 of 1st period - Joel Armia is hit by Christian Wolanin and loses puck.
1:19 of 1st period - Shot by Joel Armia.
1:19 of 1st period - Stopped by Jonathan Quick without a rebound.
1:20 of 1st period - Sean Monahan wins face-off versus Dylan Strome in SASKATOON DUCKS zone.
1:47 of 1st period - Icing by Brayden McNabb.
1:48 of 1st period - Ryan Strome wins face-off versus Sean Monahan in LAS VEGAS LIZARD KINGS zone.
1:51 of 1st period - Shot by Ryan Strome.
1:51 of 1st period - Shot Misses the Net.
2:08 of 1st period - Nino Niederreiter is hit by Jake McCabe and loses puck.
2:46 of 1st period - Bobby Ryan is hit by Jake McCabe and loses puck.
3:01 of 1st period - Shot by Bobby Ryan.
3:01 of 1st period - Goal by Bobby Ryan - SASKATOON DUCKS : 0 - LAS VEGAS LIZARD KINGS : 1.
3:02 of 1st period - Dylan Strome wins face-off versus Evan Rodrigues in neutral zone.
4:19 of 1st period - Vladislav Namestnikov is hit by Johnny Gaudreau and loses puck.
4:33 of 1st period - Johnny Gaudreau is hit by Christian Wolanin and loses puck.
4:50 of 1st period - Shot by Derek Ryan.
4:50 of 1st period - Shot Misses the Net.
5:23 of 1st period - Shot by Mike Ferland.
5:23 of 1st period - Deflect By Jason Pominville.
5:23 of 1st period - Stopped by Jonathan Quick without a rebound.
5:24 of 1st period - Ryan Strome wins face-off versus Evan Rodrigues in SASKATOON DUCKS zone.
5:40 of 1st period - Shot by Barclay Goodrow.
5:40 of 1st period - Shot Misses the Net.
6:04 of 1st period - Shot by Barclay Goodrow.
6:04 of 1st period - Goal by Barclay Goodrow - SASKATOON DUCKS : 0 - LAS VEGAS LIZARD KINGS : 2.
6:05 of 1st period - Sean Monahan wins face-off versus Martin Hanzal in neutral zone.
7:11 of 1st period - Off-side.
7:12 of 1st period - Vladislav Namestnikov wins face-off versus Derek Ryan in neutral zone.
7:31 of 1st period - Icing by Devon Toews.
7:32 of 1st period - Evan Rodrigues wins face-off versus Vladislav Namestnikov in SASKATOON DUCKS zone.
9:26 of 1st period - Shot by Sean Monahan.
9:26 of 1st period - Shot Blocked by Derek Forbort.
9:34 of 1st period - Sean Monahan is hit by Ondrej Palat and loses puck.
10:03 of 1st period - Shot by Jakub Vrana.
10:03 of 1st period - Stopped by Marc-Andre Fleury without a rebound.
10:04 of 1st period - Evan Rodrigues wins face-off versus Vladislav Namestnikov in LAS VEGAS LIZARD KINGS zone.
11:32 of 1st period - Shot by Bobby Ryan.
11:32 of 1st period - Stopped by Jonathan Quick with a rebound.
11:38 of 1st period - Shot by Anthony Duclair.
11:38 of 1st period - Stopped by Marc-Andre Fleury with a rebound.
11:40 of 1st period - Shot by Ryan Strome.
11:40 of 1st period - Shot Misses the Net.
12:07 of 1st period - Shot by Ryan Strome.
12:07 of 1st period - Stopped by Marc-Andre Fleury without a rebound.
12:08 of 1st period - Sean Monahan wins face-off versus Vladislav Namestnikov in LAS VEGAS LIZARD KINGS zone.
12:13 of 1st period - Shot by Sean Monahan.
12:13 of 1st period - Goal by Sean Monahan - SASKATOON DUCKS : 0 - LAS VEGAS LIZARD KINGS : 3.
12:14 of 1st period - Sean Monahan wins face-off versus Dylan Strome in neutral zone.
12:18 of 1st period - Johnny Gaudreau is hit by Mathew Dumba and loses puck.
12:21 of 1st period - Shot by Johnny Gaudreau.
12:21 of 1st period - Shot Misses the Net.
12:23 of 1st period - Shot by Brent Burns.
12:23 of 1st period - Stopped by Jonathan Quick without a rebound.
12:24 of 1st period - Sean Monahan wins face-off versus Vladislav Namestnikov in SASKATOON DUCKS zone.
12:46 of 1st period - Shot by Johnny Gaudreau.
12:46 of 1st period - Stopped by Jonathan Quick without a rebound.
12:47 of 1st period - Ryan Strome wins face-off versus Evan Rodrigues in SASKATOON DUCKS zone.
12:47 of 1st period - Ryan Strome is hit by Joel Armia.
13:24 of 1st period - Ondrej Palat is hit by Nick Jensen.
13:48 of 1st period - John Marino is hit by Andreas Athanasiou and loses puck.
15:46 of 1st period - Shot by Mike Ferland.
15:46 of 1st period - Deflect By Jason Pominville.
15:46 of 1st period - Stopped by Jonathan Quick without a rebound.
15:47 of 1st period - Ryan Strome wins face-off versus Evan Rodrigues in SASKATOON DUCKS zone.
16:37 of 1st period - Icing by Mathew Dumba.
16:38 of 1st period - Sean Monahan wins face-off versus Ryan Strome in SASKATOON DUCKS zone.
16:54 of 1st period - Icing by Ryan McDonagh.
16:55 of 1st period - Ryan Strome wins face-off versus Derek Ryan in SASKATOON DUCKS zone.
17:28 of 1st period - Shot by Jakub Vrana.
17:28 of 1st period - Shot Misses the Net.
17:41 of 1st period - Shot by Andreas Athanasiou.
17:41 of 1st period - Shot Misses the Net.
17:43 of 1st period - Shot by Devon Toews.
17:43 of 1st period - Stopped by Marc-Andre Fleury without a rebound.
17:44 of 1st period - Sean Monahan wins face-off versus Vladislav Namestnikov in LAS VEGAS LIZARD KINGS zone.
18:44 of 1st period - Shot by Mathew Dumba.
18:44 of 1st period - Stopped by Marc-Andre Fleury with a rebound.
18:46 of 1st period - Shot by Ryan McDonagh.
18:46 of 1st period - Stopped by Marc-Andre Fleury without a rebound.
18:47 of 1st period - Ryan Strome wins face-off versus Derek Ryan in LAS VEGAS LIZARD KINGS zone.
19:01 of 1st period - Icing by Derek Ryan.
19:02 of 1st period - Dylan Strome wins face-off versus Mike Ferland in LAS VEGAS LIZARD KINGS zone.
19:05 of 1st period - Shot by Andreas Athanasiou.
19:05 of 1st period - Stopped by Marc-Andre Fleury with a rebound.
19:18 of 1st period - Shot by Derek Ryan.
19:18 of 1st period - Shot Misses the Net.
19:32 of 1st period - Shot by Jason Pominville.
19:32 of 1st period - Shot Misses the Net.
Goals for this period are 0 for SASKATOON DUCKS vs 3 for LAS VEGAS LIZARD KINGS.
Shots for this period are 7 for SASKATOON DUCKS vs 10 for LAS VEGAS LIZARD KINGS.

2nd period


0:01 of 2nd period - Derek Ryan wins face-off versus Dylan Strome in neutral zone.
0:03 of 2nd period - Bobby Ryan is hit by Christian Wolanin and loses puck.
0:17 of 2nd period - Jakub Vrana is hit by Brayden McNabb and loses puck.
0:39 of 2nd period - Derek Ryan is hit by Devon Toews.
1:15 of 2nd period - Icing by Matt Niskanen.
1:16 of 2nd period - Sean Monahan wins face-off versus Vladislav Namestnikov in LAS VEGAS LIZARD KINGS zone.
1:25 of 2nd period - Shot by Johnny Gaudreau.
1:25 of 2nd period - Stopped by Jonathan Quick without a rebound.
1:26 of 2nd period - Evan Rodrigues wins face-off versus Ryan Strome in SASKATOON DUCKS zone.
1:31 of 2nd period - Shot by Joel Armia.
1:31 of 2nd period - Deflect By Evan Rodrigues.
1:31 of 2nd period - Shot Misses the Net.
1:45 of 2nd period - Shot by Evan Rodrigues.
1:45 of 2nd period - Stopped by Jonathan Quick without a rebound.
1:46 of 2nd period - Sean Monahan wins face-off versus Vladislav Namestnikov in SASKATOON DUCKS zone.
1:52 of 2nd period - Icing by Mathew Dumba.
1:53 of 2nd period - Derek Ryan wins face-off versus Vladislav Namestnikov in SASKATOON DUCKS zone.
2:37 of 2nd period - Shot by Bobby Ryan.
2:37 of 2nd period - Stopped by Jonathan Quick without a rebound.
2:38 of 2nd period - Dylan Strome wins face-off versus Sean Monahan in SASKATOON DUCKS zone.
3:28 of 2nd period - Anthony Duclair is hit by Matt Niskanen and loses puck.
5:26 of 2nd period - Icing by Brent Burns.
5:27 of 2nd period - Victor Olofsson wins face-off versus Ryan Strome in LAS VEGAS LIZARD KINGS zone.
5:50 of 2nd period - Shot by Anthony Duclair.
5:50 of 2nd period - Stopped by Marc-Andre Fleury with a rebound.
6:05 of 2nd period - Minor Penalty to Derek Forbort for Hooking.
6:06 of 2nd period - Sean Monahan wins face-off versus Markus Granlund in SASKATOON DUCKS zone.
7:48 of 2nd period - Shot by Brent Burns.
7:48 of 2nd period - Stopped by Jonathan Quick without a rebound.
7:49 of 2nd period - Markus Granlund wins face-off versus Derek Ryan in SASKATOON DUCKS zone.
8:26 of 2nd period - Shot by Evan Rodrigues.
8:26 of 2nd period - Shot Misses the Net.
8:48 of 2nd period - Shot by Barclay Goodrow.
8:48 of 2nd period - Shot Misses the Net.
9:10 of 2nd period - Shot by Sean Monahan.
9:10 of 2nd period - Stopped by Jonathan Quick without a rebound.
9:11 of 2nd period - Ryan Strome wins face-off versus Derek Ryan in SASKATOON DUCKS zone.
9:37 of 2nd period - Shot by Anthony Duclair.
9:37 of 2nd period - Stopped by Marc-Andre Fleury without a rebound.
9:38 of 2nd period - Sean Monahan wins face-off versus Vladislav Namestnikov in LAS VEGAS LIZARD KINGS zone.
11:06 of 2nd period - Ryan Strome is hit by Barclay Goodrow and loses puck.
11:16 of 2nd period - Joel Armia is hit by Jake McCabe and loses puck.
12:42 of 2nd period - Off-side.
12:43 of 2nd period - Vladislav Namestnikov wins face-off versus Sean Monahan in neutral zone.
13:10 of 2nd period - Shot by Vladislav Namestnikov.
13:10 of 2nd period - Stopped by Marc-Andre Fleury without a rebound.
13:11 of 2nd period - Derek Ryan wins face-off versus Jakub Vrana in LAS VEGAS LIZARD KINGS zone.
14:34 of 2nd period - Shot by Markus Granlund.
14:34 of 2nd period - Stopped by Marc-Andre Fleury without a rebound.
14:35 of 2nd period - Ryan Strome wins face-off versus Evan Rodrigues in LAS VEGAS LIZARD KINGS zone.
14:35 of 2nd period - Ryan Strome is hit by Calvin De Haan.
14:39 of 2nd period - Shot by Ryan Strome.
14:39 of 2nd period - Shot Blocked by Nick Jensen.
14:48 of 2nd period - Minor Penalty to Jake McCabe for Hooking.
14:49 of 2nd period - Derek Ryan wins face-off versus Markus Granlund in SASKATOON DUCKS zone.
15:00 of 2nd period - Shot by Brent Burns.
15:00 of 2nd period - Stopped by Jonathan Quick without a rebound.
15:01 of 2nd period - Sean Monahan wins face-off versus Markus Granlund in SASKATOON DUCKS zone.
15:39 of 2nd period - Off-side.
15:40 of 2nd period - Derek Ryan wins face-off versus Charles Hudon in neutral zone.
15:48 of 2nd period - Shot by Brent Burns.
15:48 of 2nd period - Stopped by Jonathan Quick without a rebound.
15:49 of 2nd period - Martin Hanzal wins face-off versus Derek Ryan in SASKATOON DUCKS zone.
15:49 of 2nd period - Martin Hanzal is hit by Mike Ferland.
16:13 of 2nd period - Shot by Brent Burns.
16:13 of 2nd period - Shot Blocked by Derek Forbort.
16:49 of 2nd period - Ryan McDonagh is hit by Barclay Goodrow and loses puck.
17:03 of 2nd period - Minor Penalty to Ryan McDonagh for Slashing.
17:04 of 2nd period - Martin Hanzal wins face-off versus Sean Monahan in SASKATOON DUCKS zone.
17:29 of 2nd period - Shot by Johnny Gaudreau.
17:29 of 2nd period - Deflect By Sean Monahan.
17:29 of 2nd period - Shot Misses the Net.
17:45 of 2nd period - Shot by Nino Niederreiter.
17:45 of 2nd period - Shot Misses the Net.
17:47 of 2nd period - Shot by Matt Niskanen.
17:47 of 2nd period - Shot Misses the Net.
18:44 of 2nd period - Off-side.
18:45 of 2nd period - Anthony Duclair wins face-off versus Sean Monahan in neutral zone.
19:02 of 2nd period - Shot by Sean Monahan.
19:02 of 2nd period - Stopped by Jonathan Quick without a rebound.
19:03 of 2nd period - Evan Rodrigues wins face-off versus Dylan Strome in SASKATOON DUCKS zone.
19:04 of 2nd period - Shot by Barclay Goodrow.
19:04 of 2nd period - Shot Misses the Net.
19:06 of 2nd period - Shot by Joel Armia.
19:06 of 2nd period - Shot Misses the Net.
19:08 of 2nd period - Shot by Calvin De Haan.
19:08 of 2nd period - Shot Blocked by Ryan McDonagh.
19:14 of 2nd period - Shot by Joel Armia.
19:14 of 2nd period - Stopped by Jonathan Quick without a rebound.
19:15 of 2nd period - Derek Ryan wins face-off versus Dylan Strome in SASKATOON DUCKS zone.
19:24 of 2nd period - Shot by Mathew Dumba.
19:24 of 2nd period - Stopped by Marc-Andre Fleury with a rebound.
19:26 of 2nd period - Shot by Ryan McDonagh.
19:26 of 2nd period - Shot Blocked by Brayden McNabb.
19:28 of 2nd period - Shot by Jakub Vrana.
19:28 of 2nd period - Goal by Jakub Vrana - SASKATOON DUCKS : 1 - LAS VEGAS LIZARD KINGS : 3.
19:29 of 2nd period - Evan Rodrigues wins face-off versus Martin Hanzal in neutral zone.
Goals for this period are 1 for SASKATOON DUCKS vs 0 for LAS VEGAS LIZARD KINGS.
Shots for this period are 6 for SASKATOON DUCKS vs 9 for LAS VEGAS LIZARD KINGS.

3rd period


0:01 of 3rd period - Dylan Strome wins face-off versus Sean Monahan in neutral zone.
0:14 of 3rd period - Shot by Dylan Strome.
0:14 of 3rd period - Stopped by Marc-Andre Fleury without a rebound.
0:15 of 3rd period - Ryan Strome wins face-off versus Derek Ryan in LAS VEGAS LIZARD KINGS zone.
0:15 of 3rd period - Ryan Strome is hit by Matt Niskanen.
0:28 of 3rd period - Icing by Matt Niskanen.
0:29 of 3rd period - Dylan Strome wins face-off versus Derek Ryan in LAS VEGAS LIZARD KINGS zone.
0:33 of 3rd period - Dylan Strome is hit by John Marino and loses puck.
1:39 of 3rd period - Shot by Nino Niederreiter.
1:39 of 3rd period - Deflect By Johnny Gaudreau.
1:39 of 3rd period - Stopped by Jonathan Quick without a rebound.
1:40 of 3rd period - Ryan Strome wins face-off versus Evan Rodrigues in SASKATOON DUCKS zone.
2:19 of 3rd period - Minor Penalty to Barclay Goodrow for Interference.
2:20 of 3rd period - Vladislav Namestnikov wins face-off versus Sean Monahan in LAS VEGAS LIZARD KINGS zone.
3:35 of 3rd period - Shot by Nino Niederreiter.
3:35 of 3rd period - Shot Misses the Net.
3:48 of 3rd period - Icing by Ryan Strome.
3:49 of 3rd period - Dylan Strome wins face-off versus Sean Monahan in SASKATOON DUCKS zone.
4:03 of 3rd period - Off-side.
4:04 of 3rd period - Sean Monahan wins face-off versus Vladislav Namestnikov in neutral zone.
4:29 of 3rd period - Shot by Victor Olofsson.
4:29 of 3rd period - Shot Blocked by Vladislav Namestnikov.
6:52 of 3rd period - Shot by Dylan Strome.
6:52 of 3rd period - Stopped by Marc-Andre Fleury without a rebound.
6:53 of 3rd period - Dylan Strome wins face-off versus Derek Ryan in LAS VEGAS LIZARD KINGS zone.
7:14 of 3rd period - Shot by Derek Ryan.
7:14 of 3rd period - Shot Blocked by Andreas Athanasiou.
7:54 of 3rd period - Shot by Johnny Gaudreau.
7:54 of 3rd period - Deflect By Sean Monahan.
7:54 of 3rd period - Goal by Sean Monahan - SASKATOON DUCKS : 1 - LAS VEGAS LIZARD KINGS : 4.
7:54 of 3rd period - Jordan Binnington enters game.
7:55 of 3rd period - Evan Rodrigues wins face-off versus Ryan Strome in neutral zone.
8:28 of 3rd period - Shot by Ondrej Palat.
8:28 of 3rd period - Stopped by Marc-Andre Fleury without a rebound.
8:29 of 3rd period - Martin Hanzal wins face-off versus Sean Monahan in LAS VEGAS LIZARD KINGS zone.
8:42 of 3rd period - Icing by Sean Monahan.
8:43 of 3rd period - Sean Monahan wins face-off versus Dylan Strome in LAS VEGAS LIZARD KINGS zone.
8:58 of 3rd period - Shot by Nino Niederreiter.
8:58 of 3rd period - Shot Misses the Net.
9:00 of 3rd period - Shot by Johnny Gaudreau.
9:00 of 3rd period - Shot Misses the Net.
9:10 of 3rd period - Shot by Johnny Gaudreau.
9:10 of 3rd period - Shot Blocked by Ryan McDonagh.
9:47 of 3rd period - Icing by Ryan McDonagh.
9:48 of 3rd period - Dylan Strome wins face-off versus Evan Rodrigues in SASKATOON DUCKS zone.
9:50 of 3rd period - Ryan McDonagh is hit by Barclay Goodrow and loses puck.
10:16 of 3rd period - Off-side.
10:17 of 3rd period - Derek Ryan wins face-off versus Ryan Strome in neutral zone.
10:46 of 3rd period - Ondrej Palat is hit by Bobby Ryan and loses puck.
10:51 of 3rd period - Joseph Morrow is hit by Derek Ryan and loses puck.
10:58 of 3rd period - Shot by Bobby Ryan.
10:58 of 3rd period - Shot Blocked by Joseph Morrow.
11:00 of 3rd period - Shot by Derek Ryan.
11:00 of 3rd period - Shot Misses the Net.
11:36 of 3rd period - Off-side.
11:37 of 3rd period - Evan Rodrigues wins face-off versus Vladislav Namestnikov in neutral zone.
11:47 of 3rd period - Minor Penalty to Barclay Goodrow for High sticking.
11:48 of 3rd period - Sean Monahan wins face-off versus Dylan Strome in LAS VEGAS LIZARD KINGS zone.
12:05 of 3rd period - Shot by Andreas Athanasiou.
12:05 of 3rd period - Stopped by Marc-Andre Fleury without a rebound.
12:06 of 3rd period - Sean Monahan wins face-off versus Vladislav Namestnikov in LAS VEGAS LIZARD KINGS zone.
12:33 of 3rd period - Icing by Derek Forbort.
12:34 of 3rd period - Sean Monahan wins face-off versus Vladislav Namestnikov in SASKATOON DUCKS zone.
12:44 of 3rd period - Icing by Vladislav Namestnikov.
12:45 of 3rd period - Sean Monahan wins face-off versus Vladislav Namestnikov in SASKATOON DUCKS zone.
13:44 of 3rd period - Shot by Dylan Strome.
13:44 of 3rd period - Stopped by Marc-Andre Fleury without a rebound.
13:45 of 3rd period - Sean Monahan wins face-off versus Vladislav Namestnikov in LAS VEGAS LIZARD KINGS zone.
13:56 of 3rd period - Mike Ferland is hit by Charles Hudon and loses puck.
14:39 of 3rd period - Shot by Derek Forbort.
14:39 of 3rd period - Stopped by Marc-Andre Fleury without a rebound.
14:40 of 3rd period - Sean Monahan wins face-off versus Dylan Strome in LAS VEGAS LIZARD KINGS zone.
14:40 of 3rd period - Sean Monahan is hit by Jakub Vrana.
15:01 of 3rd period - Johnny Gaudreau is hit by Ryan McDonagh and loses puck.
15:49 of 3rd period - Anthony Duclair is hit by Matt Niskanen and loses puck.
15:55 of 3rd period - Ryan Strome is hit by Matt Niskanen and loses puck.
16:00 of 3rd period - Shot by Ryan Strome.
16:00 of 3rd period - Shot Misses the Net.
16:05 of 3rd period - Ryan Strome is hit by Matt Niskanen and loses puck.
17:41 of 3rd period - Shot by Sean Monahan.
17:41 of 3rd period - Stopped by Jordan Binnington without a rebound.
17:42 of 3rd period - Dylan Strome wins face-off versus Derek Ryan in SASKATOON DUCKS zone.
18:00 of 3rd period - Shot by Mike Ferland.
18:00 of 3rd period - Shot Misses the Net.
18:02 of 3rd period - Shot by Jason Pominville.
18:02 of 3rd period - Stopped by Jordan Binnington without a rebound.
18:03 of 3rd period - Ryan Strome wins face-off versus Nino Niederreiter in SASKATOON DUCKS zone.
18:14 of 3rd period - Shot by Johnny Gaudreau.
18:14 of 3rd period - Stopped by Jordan Binnington without a rebound.
18:15 of 3rd period - Evan Rodrigues wins face-off versus Dylan Strome in SASKATOON DUCKS zone.
18:45 of 3rd period - Shot by Evan Rodrigues.
18:45 of 3rd period - Shot Blocked by Mathew Dumba.
18:47 of 3rd period - Shot by Brent Burns.
18:47 of 3rd period - Stopped by Jordan Binnington with a rebound.
18:49 of 3rd period - Shot by Barclay Goodrow.
18:49 of 3rd period - Deflect By Evan Rodrigues.
18:49 of 3rd period - Stopped by Jordan Binnington without a rebound.
18:50 of 3rd period - Ryan Strome wins face-off versus Sean Monahan in SASKATOON DUCKS zone.
19:15 of 3rd period - Shot by Sean Monahan.
19:15 of 3rd period - Stopped by Jordan Binnington without a rebound.
19:16 of 3rd period - Vladislav Namestnikov wins face-off versus Victor Olofsson in SASKATOON DUCKS zone.
19:18 of 3rd period - Icing by Ryan McDonagh.
19:19 of 3rd period - Derek Ryan wins face-off versus Vladislav Namestnikov in SASKATOON DUCKS zone.
19:38 of 3rd period - Shot by Victor Olofsson.
19:38 of 3rd period - Stopped by Jordan Binnington without a rebound.
19:39 of 3rd period - Sean Monahan wins face-off versus Jakub Vrana in SASKATOON DUCKS zone.
Goals for this period are 0 for SASKATOON DUCKS vs 1 for LAS VEGAS LIZARD KINGS.
Shots for this period are 6 for SASKATOON DUCKS vs 9 for LAS VEGAS LIZARD KINGS.


NATHAN
MACKINNON
PHILLIP
DANAULT
CONNOR
MCDAVID

EAST COAST

HOCKEY LEAGUE

  • 25.QUE4CHI5
  • 26.CHA2LIM3
  • 27.TRV2LON3
  • 28.CHW4BAL2
  • 29.PITMAN
  • 30.ATLNHW
  • 31.WORPET
  • 32.RHI